AoeStats
← Michi3052

Marketplace

504631488Analyzed
1v1 RM · 27d ago on Sep 6, 2026· 49m 3s· 2 players
Game mode
Random Map
Map size
Tiny (2 player)
Population
200
Speed
Normal
Resources
Standard
Victory
Conquest
Starting age
Dark Age
Ending age
Imperial Age
RankedLock teamsTeams togetherTeam positionsShared explorationLock speedFull tech treeHidden civsTurbo modeCheats
Victory
Defeat
🇨🇦 Khmer · Canada
778
+13
🇪🇸 Turks · Spain
703
-13
Michi3052
12:21 Feudal Age
13:12 Double-Bit Axe
15:45 Bloodlines
15:30 Loom
15:34 Horse Collar
20:53 Wheelbarrow
24:12 Castle Age
29:53 Imperial Age
31:25 Bow Saw
34:17 Town Watch
38:50 Ballistics
40:31 Gold Mining
40:32 Stone Mining
41:48 Two-Man Saw
42:11 Thumb Ring
42:29 Padded Archer Armor
42:29 Fletching
42:41 Fletching
47:29 Gold Shaft Mining
DingleDwarf69
11:44 Feudal Age
14:24 Town Watch
18:52 Castle Age
20:53 Husbandry
20:57 Double-Bit Axe
24:50 Bloodlines
30:55 Stone Mining
31:04 Gold Mining
33:20 Wheelbarrow
36:18 Imperial Age
36:48 Cavalier
37:50 Forging
37:46 Scale Barding Armor
38:38 Gold Shaft Mining
38:45 Hand Cart
43:32 Iron Casting
43:25 Chain Barding Armor
Connection lost

Rejoining the realm…

Still unreachable

The connection could not be restored.

Session expired

The server has moved on; the page needs a fresh start.